AoeStats
← 烏雲中

Arabia

504677161Analyzed
1v1 RM · 27d ago on Sep 6, 2026· 51m 7s· 2 players
Game mode
Random Map
Map size
Tiny (2 player)
Population
200
Speed
Normal
Resources
Standard
Victory
Conquest
Starting age
Dark Age
Ending age
Imperial Age
RankedLock teamsTeams togetherTeam positionsShared explorationLock speedFull tech treeHidden civsTurbo modeCheats
Victory
Defeat
🇨🇱 Japanese · Chile
1149
+15
🇹🇼 Malians · Taiwan
1137
-15
烏雲中
5:46 Loom
10:15 Feudal Age
11:17 Double-Bit Axe
12:58 Horse Collar
17:06 Scale Barding Armor
18:19 Wheelbarrow
18:56 Forging
19:15 Bloodlines
26:47 Castle Age
27:09 Padded Archer Armor
27:00 Fletching
28:11 Bow Saw
28:41 Leather Archer Armor
28:23 Elite Skirmisher
31:24 Hand Cart
31:45 Bodkin Arrow
39:33 Chain Barding Armor
43:36 Iron Casting
46:10 Imperial Age
44:32 Husbandry
45:18 Heavy Plow
45:11 Gold Mining
49:07 Cavalier
51:16 Scale Mail Armor
feloh10
4:29 Loom
11:11 Feudal Age
12:25 Double-Bit Axe
13:11 Gold Mining
13:04 Horse Collar
17:20 Fletching
24:15 Castle Age
23:42 Padded Archer Armor
25:31 Bodkin Arrow
24:58 Crossbowman
27:28 Thumb Ring
31:59 Wheelbarrow
32:24 Ballistics
32:46 Bow Saw
34:25 Scale Barding Armor
35:55 Bloodlines
35:47 Husbandry
36:47 Chain Barding Armor
44:29 Imperial Age
45:04 Arbalester
46:32 Bracer
46:44 Forging
48:51 Cavalier
Connection lost

Rejoining the realm…

Still unreachable

The connection could not be restored.

Session expired

The server has moved on; the page needs a fresh start.